 Dungeon Crawl Stone Soup version 0.21.1-1-g345015f (webtiles) character file.

44 mrmercer the Slasher (level 3, 0/26 HPs)
             Began as a Demonspawn Berserker on July 2, 2018.
             Was a Believer of Trog.
             Succumbed to an adder's poison
             ... on level 2 of the Dungeon.
             The game lasted 00:04:58 (963 turns).

mrmercer the Slasher (Demonspawn Berserker)          Turns: 963, Time: 00:04:59

Health: 0/26       AC:  2    Str: 17    XL:     3   Next: 41%
Magic:  3/3        EV: 12    Int:  8    God:    Trog [**....]
Gold:   24         SH:  0    Dex: 13    Spells: 2/2 levels left

rFire    + . .     SeeInvis .   a - +0 falchion
rCold    . . .     Gourm    .   (no shield)
rNeg     . . .     Faith    .   b - +0 animal skin
rPois    .         Spirit   .   (no helmet)
rElec    .         Reflect  .   (no cloak)
rCorr    .         Harm     .   (no gloves)
MR       .....                  (no boots)
Stlth    +.........             (no amulet)
HPRegen  0.08/turn              (no ring)
MPRegen  0.08/turn              (no ring)

@: lethally poisoned (0 -> -4), berserk cooldown
A: hooves 1, fire resistance 1, frail 1, sense surroundings 1, subdued magic 1
a: Berserk, Trog's Hand, Burn Spellbooks, Renounce Religion


You were on level 2 of the Dungeon.
You worshipped Trog.
Trog was pleased with you.
You were not hungry.

You visited 1 branch of the dungeon, and saw 2 of its levels.

You collected 24 gold pieces.

Inventory:

Hand Weapons
 a - a +0 falchion (weapon)
Armour
 b - a +0 animal skin (worn)
Scrolls
 d - 3 scrolls of identify {unknown}
 i - a scroll of blinking {unknown}
 k - a scroll of enchant weapon {unknown}
Potions
 g - a potion of flight {unknown}
 h - a potion of resistance {unknown}
 j - a potion of agility {unknown}
Comestibles
 c - 4 rations
 f - 6 chunks of flesh


   Skills:
 + Level 3.4 Fighting
 + Level 3.5 Long Blades
 + Level 2.0 Armour
 + Level 2.0 Dodging


You had 2 spell levels left.
You didn't know any spells.

Dungeon Overview and Level Annotations

Branches:
Dungeon (2/15)

Altars:


Innate Abilities, Weirdness & Mutations

You have large cloven feet.
Your flesh is heat resistant. (rF+)
You are frail. (-10% HP)
You passively map a small area around you.
Your spells are a little easier to cast, but a little less powerful.


Message History

* * * LOW HITPOINT WARNING * * *
You feel sick. The adder bites you.
* * * LOW HITPOINT WARNING * * *
The adder closely misses you.
You riposte.
You hit the adder.
The adder is severely wounded.
You closely miss the adder. Your kick misses the adder.
The adder is severely wounded.
* * * LOW HITPOINT WARNING * * *
You feel sick. The adder bites you.
* * * LOW HITPOINT WARNING * * *
You hit the adder. Your kick misses the adder.
The adder is almost dead.
The adder misses you.
You riposte.
You closely miss the adder.
The adder is almost dead.
The adder barely misses you.
It was a potion of mutation.
You feel extremely strange.
You feel frail.
You feel resistant to heat.
Your connection to magic feels subdued.
You feel a strange attunement to the structure of the dungeons.
You die...

.... .... ,, * #.. ...,
..## .## #.#+#.# .... ,
.... #.#...#+#+###....
..... #............#>#
.....###............#.#
.................)..#.##
,,
...............#+##.....
,......S@)......# #.....
...............# +.....
#####..........#* #.....
* #..........# #.....
#..........# #..... ,
#..........# #..... * ,
#..........# #.....
#..........# #..... ,
#.....


You could see an adder.

Vanquished Creatures
  2 oozes
  A worm (D:2)
  2 leopard geckos
  2 bats (D:1)
  2 giant cockroaches (D:1)
  6 goblins
  4 hobgoblins
  3 frilled lizards
  5 kobolds
  3 rats (D:1)
30 creatures vanquished.

Notes
Turn   | Place    | Note
-------+----------+-------------------------------------------
     0 | D:1      | mrmercer the Demonspawn Berserker began the quest for the Orb.
     0 | D:1      | Reached XP level 1. HP: 18/18 MP: 1/1
   162 | D:1      | Gained mutation: You have large cloven feet. [demonic ancestry]
   162 | D:1      | Reached XP level 2. HP: 9/24 MP: 2/2
   770 | D:1      | Reached ** piety under Trog
   920 | D:2      | Reached XP level 3. HP: 29/29 MP: 3/3
   961 | D:2      | HP: 1/29 [adder (2)]
   963 | D:2      | Gained mutation: You are frail. (-10% HP) [potion of mutation]
   963 | D:2      | Gained mutation: Your flesh is heat resistant. (rF+) [potion of mutation]
   963 | D:2      | Gained mutation: Your spells are a little easier to cast, but a little less powerful. [potion of mutation]
   963 | D:2      | Gained mutation: You passively map a small area around you. [potion of mutation]
   963 | D:2      | Succumbed to an adder's poison

Skill      XL: |  1  2  3 |
---------------+----------+-----
Long Blades    | 3 |  3.5
Armour         | 2 |  2.0
Dodging        | 2 |  2.0
Fighting       | |  3.4

Action                   || total
-------------------------++-------
Melee: Falchion          ||    54
       Kick              ||    12
Invok: Berserk           ||     2
  Use: Potion            ||     1
  Eat: Chunk             ||     2
Armor: Animal skin       ||     9
Dodge: Dodged            ||    45
       Rpst.: Falchion   ||    18
